 Dungeon Crawl Stone Soup version 0.25.1-2-g60ff931df9 (webtiles) character file.

Game seed: 18074529069924890142

1066 loki93 the Covert (level 8, 0/36 HPs)
             Began as a Felid Berserker on Oct 29, 2020.
             Was a Priest of Trog.
             Slain by a hound skeleton (3 damage)
             ... on level 6 of the Dungeon.
             The game lasted 00:31:23 (6426 turns).

loki93 the Covert (Felid Berserker)                 Turns: 6426, Time: 00:31:23

Health: 0/36       AC:  2    Str: 13    XL:     8   Next: 7%
Magic:  9/9        EV: 24    Int:  9    God:    Trog [***...]
Gold:   352        SH:  0    Dex: 17    Spells: 7/7 levels left
                                        Lives:  0   Deaths: 2

rFire    . . .     SeeInvis +     - Unarmed
rCold    . . .     Gourm    .   (shield unavailable)
rNeg     . . .     Faith    .   (armour unavailable)
rPois    .         Spirit   .   (helmet unavailable)
rElec    .         Reflect  .   (cloak unavailable)
rCorr    .         Harm     .   (gloves unavailable)
MR       +....                  (boots unavailable)
Stlth    ++++++....             b - amulet of regeneration
HPRegen  0.52/turn              m - ring of stealth
MPRegen  0.11/turn              (no ring)

@: berserk cooldown, quick
A: very small, no armour, no weapons or thrown items, stealth, claws 1, fangs 3,
see invisible, carnivore, speed 1, mutation resistance 1, shaggy fur 2, slow
metabolism 1, sharp paws
a: Berserk, Trog's Hand, Renounce Religion


You were on level 6 of the Dungeon.
You worshipped Trog.
Trog was most pleased with you.
You were full.

You visited 1 branch of the dungeon, and saw 6 of its levels.

You collected 352 gold pieces.

Inventory:

Jewellery
 b - an amulet of regeneration (around neck)
 c - an uncursed amulet of guardian spirit
 m - a ring of stealth (left paw)
Wands
 k - a wand of random effects (9)
 r - a wand of iceblast (8)
Scrolls
 d - 4 scrolls of remove curse
 e - a scroll of enchant armour {unknown}
 f - 4 scrolls of teleportation
 g - a scroll of amnesia {unknown}
 h - a scroll of random uselessness {unknown}
 i - a scroll of blinking {unknown}
 l - a scroll of fear
 n - 2 scrolls of fog {unknown}
 q - 2 scrolls of enchant weapon {unknown}
Potions
 o - 2 potions of flight {unknown}
 p - a potion of invisibility {unknown}
 s - 3 potions of curing
Comestibles
 a - 6 rations


   Skills:
 + Level 3.8 Fighting
 * Level 8.4 Dodging
 * Level 9.0 Stealth
 + Level 7.7 Unarmed Combat
 + Level 0.1 Evocations


You had 7 spell levels left.
You didn't know any spells.
Your spell library was empty.

Dungeon Overview and Level Annotations

Branches:
Dungeon (6/15)             Temple (0/1) D:6

Altars:
Ashenzari
Dithmenos
Gozag
Makhleb
Okawaru
Ru
Sif Muna
Wu Jian


Innate Abilities, Weirdness & Mutations

You cannot wear armour.
You are incapable of wielding weapons or throwing items.
Your paws allow you to move quietly. (Stealth)
You have sharp claws.
You have razor-sharp teeth.
You have supernaturally acute eyesight. (SInv)
You are carnivorous and can eat meat at any time.
You cover ground quickly.
You are covered in thick fur. (AC +2)
You have a slow metabolism.
Your sharp claws are effective at attacking unaware monsters.
You are somewhat resistant to further mutation.


Message History

Your Stealth skill increases to level 9!
The hound skeleton misses you.
You claw the ball python!
You kill the ball python!
Trog accepts your kill.
You feel yourself speed up.
The hound skeleton completely misses you.
The hound skeleton bites you.
* * * LOW HITPOINT WARNING * * *
The bullfrog zombie misses you.
You scratch the bullfrog zombie but do no damage.
The hound skeleton barely misses you. The bullfrog zombie barely misses you.
You claw the hound skeleton!
The hound skeleton is moderately damaged.
The hound skeleton misses you. The bullfrog zombie hits you.
* * * LOW HITPOINT WARNING * * *
You scratch the hound skeleton.
The hound skeleton is severely damaged.
The hound skeleton bites you.
You die...

#.......()...÷..........
..>.......)(()(>..⌠.....
..........).............
..........####...###....
#........[# #.⌠.# #....
#.........# #...###....
#.......###.>##........
#####ZZ## ##. ##.......
#.@# ............ #..# #
####....... .....
#.?..[.. (.......
#....... #..........
#....... #..........#
##...... #<.........#
#......(...#


You could see a bullfrog zombie and a hound skeleton.

Vanquished Creatures
  The ghost of nebnoj the Chopper, a novice MiFi of Okawaru (D:5)
  A water moccasin (D:6)
  Duvessa (D:4)
  2 ogres (D:5)
  A centaur (D:6)
  Dowan (D:4)
  4 killer bees (D:6)
  2 howler monkeys
  A bullfrog zombie (D:5)
  4 hounds
  2 orc priests
  3 orc wizards
  A bullfrog skeleton (D:4)
  Ijyb (D:4)
  Terence (D:2)
  2 worker ants
  8 gnolls
  A howler monkey zombie (D:6)
  9 adders
  A shadow imp (D:5)
  4 worms
  A dart slug (D:3)
  3 leopard geckos
  15 orcs
  3 ball pythons
  8 giant cockroaches
  6 goblins
  5 hobgoblins
  4 jackals
  2 quokkas
  11 bats
  8 frilled lizards
  A jackal zombie (D:6)
  2 kobolds
  A quokka zombie (D:5)
  5 rats
126 creatures vanquished.

Notes
Turn   | Place    | Note
-------+----------+-------------------------------------------
     0 | D:1      | loki93 the Felid Berserker began the quest for the Orb.
     0 | D:1      | Reached XP level 1. HP: 10/10 MP: 2/2
   653 | D:1      | Reached XP level 2. HP: 14/14 MP: 3/3
   823 | D:1      | Reached skill level 1 in Stealth
  1530 | D:2      | Reached XP level 3. HP: 6/17 MP: 4/4
  1563 | D:2      | Reached ** piety under Trog
  1730 | D:2      | Reached skill level 2 in Stealth
  1965 | D:2      | Noticed Terence
  1998 | D:2      | Killed Terence
  1998 | D:2      | Reached skill level 5 in Dodging
  1998 | D:2      | Reached XP level 4. HP: 21/21 MP: 5/5
  2033 | D:2      | Gained mutation: You are robust. (+10% HP) [potion of
                  | mutation]
  2033 | D:2      | Gained mutation: Your magical capacity is low. (-10% MP)
                  | [potion of mutation]
  2033 | D:2      | Gained mutation: Your muscles are strong. (Str +2) [potion
                  | of mutation]
  2263 | D:2      | Reached skill level 3 in Stealth
  2430 | D:2      | Found a burning altar of Makhleb.
  3093 | D:3      | Reached XP level 5. HP: 4/26 MP: 5/5
  3422 | D:3      | Mangled by a gnoll
  3423 | D:3      | Reached XP level 4. HP: -10/23 MP: 4/4
  3424 | D:3      | Found a shattered altar of Ashenzari.
  3740 | D:3      | Reached skill level 4 in Stealth
  3740 | D:3      | Reached XP level 5. HP: 26/26 MP: 5/5
  3785 | D:3      | Lost mutation: You are robust. (+10% HP) [potion of
                  | mutation]
  3785 | D:3      | Lost mutation: Your muscles are strong. (Str +2) [potion of
                  | mutation]
  3785 | D:3      | Gained mutation: You evolve. [potion of mutation]
  3876 | D:3      | Found a shimmering blue altar of Sif Muna.
  4009 | D:4      | Noticed Duvessa
  4009 | D:4      | Noticed Dowan
  4065 | D:4      | Found an opulent altar of Gozag.
  4097 | D:4      | Noticed Ijyb
  4112 | D:4      | Killed Ijyb
  4215 | D:4      | Reached *** piety under Trog
  4329 | D:4      | Found a shadowy altar of Dithmenos.
  4344 | D:4      | Found an iron altar of Okawaru.
  4427 | D:4      | Gained mutation: Your muscles are strong. (Str +2)
                  | [evolution]
  4427 | D:4      | Lost mutation: You evolve. [end of evolution]
  4445 | D:4      | Killed Duvessa
  4445 | D:4      | Reached skill level 5 in Stealth
  4445 | D:4      | Gained mutation: You are covered in thick fur. (AC +2)
                  | [Felid growth]
  4445 | D:4      | Reached XP level 6. HP: 16/28 MP: 2/6
  4451 | D:4      | Killed Dowan
  4451 | D:4      | Reached skill level 5 in Unarmed Combat
  4634 | D:4      | Lost mutation: Your magical capacity is low. (-10% MP)
                  | [potion of mutation]
  4634 | D:4      | Lost mutation: Your muscles are strong. (Str +2) [potion of
                  | mutation]
  4634 | D:4      | Gained mutation: You are somewhat resistant to further
                  | mutation. [potion of mutation]
  4670 | D:4      | Found an ornate altar of the Wu Jian Council.
  5037 | D:4      | Reached skill level 6 in Stealth
  5134 | D:4      | Reached XP level 7. HP: 31/31 MP: 5/8
  5266 | D:4      | Found a sacrificial altar of Ru.
  5377 | D:5      | Entered Level 5 of the Dungeon
  5445 | D:5      | Found a runed translucent door.
  5445 | D:5      | Noticed nebnoj's ghost (novice MiFi)
  5488 | D:5      | Killed nebnoj's ghost
  5623 | D:5      | Reached skill level 7 in Stealth
  5777 | D:5      | Reached XP level 8. HP: 35/35 MP: 9/9
  6274 | D:6      | HP: 2/54 [poisoned by a killer bee]
  6275 | D:6      | Mangled by a killer bee
  6276 | D:6      | Reached XP level 7. HP: -6/46 MP: 8/8
  6276 | D:6      | Found a staircase to the Ecumenical Temple.
  6309 | D:6      | Reached skill level 8 in Stealth
  6410 | D:6      | Reached XP level 8. HP: 8/36 MP: 9/9
  6422 | D:6      | Reached skill level 9 in Stealth
  6426 | D:6      | Slain by a hound skeleton

Illustrated notes

Levels and vault maps discovered:
D:1:      tarquinn_simple_flora_water_d, layout_basic
D:2:      layout_loops_ring, makhleb_blood_cavern_becter, uniq_terence
D:3:      layout_rooms, lemuel_doored_altar, lemuel_blue_sif_altar,
          minmay_crystal_water
D:4:      layout_cave_pools, nicolae_gozag_cash_rules_everything_around_me,
          amethyst_overflow_temple_binary, nicolae_ru_path_of_blood,
          lemuel_coloured_pillars_altar, kennysheep_generic_room_12, uniq_ijyb,
          uniq_duvessa
D:5:      layout_loops_ring, hellmonk_ghost_happy_afterlife, first_ration,
          chequers_serial_rivers_room_b
D:6:      layout_rooms, cheibrodos_worm_habitat, minmay_temple_entry_junction

Skill      XL: |  1  2  3  4  5  6  7  8 |
---------------+-------------------------+-----
Stealth        | 1 2 4 5 6 8 9 |  9.0
Dodging        | 5 6 8 |  8.4
Unarmed Combat | 4 5 6 7 |  7.7
Fighting       | |  3.8
Evocations     | |  0.1

Action                   |  1- 3 |  4- 6 |  7- 9 || total
-------------------------+-------+-------+-------++-------
Melee: Unarmed           |    75 |   212 |   118 ||   405
       Bite              |     3 |    21 |    17 ||    41
       Punch             |       |     4 |     3 ||     7
Invok: Berserk           |     1 |     3 |     6 ||    10
       Trog's Hand       |     1 |     2 |     6 ||     9
Evoke: Wand              |       |       |     2 ||     2
  Use: Potion            |     1 |     5 |     2 ||     8
       Scroll            |       |     5 |     6 ||    11
 Stab: Sleeping          |     5 |    11 |     4 ||    20
       Distracted        |       |       |     1 ||     1
  Eat: Chunk             |     9 |    15 |    10 ||    34
       Ration            |       |       |     1 ||     1
Armor: Skin              |     4 |     7 |     8 ||    19
Dodge: Dodged            |    77 |   162 |   136 ||   375
